 Dungeon Crawl Stone Soup version 0.31-a0-151-ge443d1f16c (webtiles) character file.

Game seed: 671422655587663236

581 qw the Skirmisher (level 7, -1/61 HPs)
             Began as a Minotaur Hunter on June 8, 2023.
             Slain by Ijyb
             ... wielding a +0 dagger
              (3 damage)
             ... on level 4 of the Dungeon.
             The game lasted 00:01:37 (3869 turns).

qw the Skirmisher (Minotaur Hunter)                 Turns: 3869, Time: 00:01:37

Health: -1/61      AC:  4    Str: 16    XL:     7   Next: 14%
Magic:  6/6        EV: 12    Int:  6    God:
Gold:   199        SH:  5    Dex: 13    Spells: 6/6 levels left

rFire   . . .        Y - +0 orcbow
rCold   x . .        (shield currently unavailable)
rNeg    + . .        d - +1 robe of Lafaunguc {rN+}
rPois   .            (helmet unavailable)
rElec   .            (no cloak)
rCorr   .            (no gloves)
SInv    .            a - +0 pair of boots
Will    .....        f - amulet of reflection
Stlth   +            (no ring)
HPRegen 0.30/turn    (no ring)
MPRegen 0.10/turn

%: reflection
@: about to teleport
A: horns 3, retaliatory headbutt, clumsy 1, cold vulnerability 1
a: no special abilities


You were on level 4 of the Dungeon.
You visited 1 branch of the dungeon, and saw 4 of its levels.
You also visited: Sewer.

You collected 199 gold pieces.


Innate Abilities, Weirdness & Mutations

You have a pair of large horns on your head.
You reflexively headbutt those who attack you in melee.
You are clumsy. (Dex -2)
You are vulnerable to cold. (rC-)


   Skills:
 - Level 5.4 Fighting
 + Level 8.3 Ranged Weapons
 - Level 1.0 Armour
 - Level 2.1 Dodging
 - Level 0.7 Stealth


You had 6 spell levels left.
You didn't know any spells.
Your spell library was empty.

Inventory:

Hand Weapons
 Y - a +0 orcbow (weapon)
Armour
 a - a +0 pair of boots (worn)
 c - a +0 leather armour
 d - the +1 robe of Lafaunguc (worn) {rN+}
   (You found it on level 3 of the Dungeon)

   rN:        It protects you from negative energy.
Jewellery
 f - an amulet of reflection (around neck)
Scrolls
 e - a scroll of identify
 i - a scroll of teleportation
Potions
 b - a potion of heal wounds {unknown}
 g - a potion of enlightenment {unknown}
 h - a potion of might
 j - a potion of degeneration {unknown}
 k - a potion of cancellation {unknown}
 l - a potion of haste {unknown}

Dungeon Overview and Level Annotations

Branches:
Dungeon (4/15)              Sewer (visited)
 Temple: D:4-7

Altars:
Yredelemnul
Zin

Shops:
D:3 *

Annotations:
D:4 Ijyb


Message History

The grasping roots constrict you.
You shoot an arrow. The arrow barely misses Ijyb.
The grasping roots constrict you.
You shoot an arrow. The arrow closely misses Ijyb.
Ijyb hits you but does no damage. The grasping roots constrict you.
The grasping roots release their grip on you.
You shoot an arrow. The arrow barely misses Ijyb.
Ijyb hits you with a +0 dagger.
You shoot an arrow. The arrow hits Ijyb but does no damage.
Ijyb is moderately wounded.
You block Ijyb's attack.
You shoot an arrow. The arrow hits Ijyb but does no damage.
Ijyb is moderately wounded.
Ijyb hits you with a +0 dagger.
You shoot an arrow. The arrow hits Ijyb.
Ijyb is heavily wounded.
Ijyb hits you with a +0 dagger.
You shoot an arrow. The arrow barely misses Ijyb.
Ijyb hits you with a +0 dagger.
You shoot an arrow. The arrow barely misses Ijyb.
Ijyb hits you with a +0 dagger.
You shoot an arrow. The arrow hits Ijyb.
Ijyb is severely wounded.
You block Ijyb's attack.
You shoot an arrow. The arrow barely misses Ijyb.
Ijyb zaps a wand.
The roots erupt in riotous growth!
The grasping roots grab you!
Ijyb is unaffected.
The grasping roots constrict you.
You shoot an arrow. The arrow hits Ijyb.
Ijyb is almost dead.
Ijyb hits you with a +0 dagger. The grasping roots constrict you.
3868 ||| READING 2 scrolls of teleportation.
As you read the scroll of teleportation, it crumbles to dust.
You feel strangely unstable. You block Ijyb's attack.
The grasping roots constrict you!
The grasping roots release their grip on you.
You shoot an arrow. The arrow hits Ijyb but does no damage.
Ijyb is almost dead.
Ijyb hits you with a +0 dagger.
You die...

####...)...##
###..##.##
###....####
#.......#
##.....##.##
###.....## #..#
###.....## #..##
###.....##
####...### #...g@##
##........#
#.....##.##
##....####..
....###...###...###
### ..#
##....#...### .
#.......###
####^..## ##...###
#.#### ###


You could see Ijyb.

Vanquished Creatures
  3 kobold brigands (Sewer)
  A hound (D:4)
  A jelly (D:4)
  2 orc priests (D:4)
  An iguana (D:4)
  An orc wizard (D:4)
  8 adders
  4 gnolls (D:2)
  2 river rats
  5 worms
  A dart slug (D:1)
  7 orcs
  14 ball pythons
  7 endoplasms
  2 giant cockroaches
  6 goblins
  7 hobgoblins
  A quokka (D:1)
  8 bats
  3 frilled lizards
  9 kobolds
  8 rats
101 creatures vanquished.

Notes
Turn   | Place    | Note
-------+----------+-------------------------------------------
     0 | D:1      | qw the Minotaur Hunter began the quest for the Orb.
     0 | D:1      | Reached XP level 1. HP: 18/18 MP: 0/0
     0 | D:1      | 0 ||| qw: Version: 0.2-a-120-gdf1a93b
     0 | D:1      | 0 ||| qw: Game counter: 3061
     0 | D:1      | 0 ||| qw: Always use a shield: true
     0 | D:1      | 0 ||| qw: God list: Okawaru
     0 | D:1      | 0 ||| qw: Allow faded altars: false
     0 | D:1      | 0 ||| qw: Do Orc after D:15 true
     0 | D:1      | 0 ||| qw: Do second Lair branch before Depths: true
     0 | D:1      | 0 ||| qw: Lair rune preference: random
     0 | D:1      | 0 ||| qw: Plans: Normal
     0 | D:1      | 0 ||| PLANNING D:1-11
   190 | D:1      | Found a faded altar of an unknown god.
   271 | D:1      | 271 ||| FLEEEEING.
   272 | D:1      | 272 ||| FLEEEEING.
   273 | D:1      | 273 ||| FLEEEEING.
   274 | D:1      | 274 ||| FLEEEEING.
   333 | D:1      | Reached XP level 2. HP: 25/25 MP: 1/1
   342 | D:1      | Reached skill level 5 in Ranged Weapons
   593 | D:1      | Reached skill level 3 in Fighting
  1007 | D:1      | 1007 ||| READING scroll labelled QENYCROTUW.
  1008 | D:1      | 1008 ||| READING scroll labelled GONUOCHIME.
  1012 | D:1      | 1012 ||| READING scroll labelled POBAZU HET WIY.
  1013 | D:1      | 1013 ||| DRINKING 2 sedimented yellow potions.
  1014 | D:1      | 1014 ||| DROPPING scroll of butterflies.
  1016 | D:1      | 1016 ||| Stepping ~*~*~tactically~*~*~ (cloud).
  1020 | D:1      | HP: 6/26 [poisoned by you (poison gas)]
  1025 | D:1      | HP: 2/26 [poisoned by you (poison gas)]
  1159 | D:2      | Found the +6 lightning scales {swift, rElec}
  1184 | D:2      | Reached XP level 3. HP: 31/31 MP: 2/2
  1252 | D:2      | Reached XP level 4. HP: 38/38 MP: 3/3
  1310 | D:2      | Reached skill level 6 in Ranged Weapons
  1949 | D:2      | 1949 ||| UPGRADING to +0 pair of boots.
  1954 | D:2      | 1954 ||| READING 2 scrolls labelled BONURO UGEZUF.
  1955 | D:2      | 1955 ||| DRINKING 2 puce potions.
  1956 | D:2      | 1956 ||| DROPPING potion of brilliance.
  1976 | D:3      | Found Zin's Purification Station.
  1976 | D:3      | Found a glowing silver altar of Zin.
  1979 | D:3      | Identified the +1 robe of Lafaunguc {rN+}
  1988 | D:3      | 1988 ||| SHOPLISTING potion of curing (90 gold, have 85).
  2002 | D:3      | Found a basalt altar of Yredelemnul.
  2006 | D:3      | Reached skill level 1 in Armour
  2248 | D:3      | 2248 ||| SWAPPING to +0 orcbow.
  2250 | D:3      | 2250 ||| DROPPING +0 shortbow.
  2370 | D:3      | 2370 ||| UPGRADING to +1 robe of Lafaunguc {rN+}.
  2380 | D:3      | 2380 ||| READING scroll labelled UWKYUXKADEU.
  2381 | D:3      | 2381 ||| DRINKING 2 orange potions.
  2382 | D:3      | 2382 ||| DROPPING potion of magic.
  2409 | D:4      | 2409 ||| PLANNING SEWER
  2506 | D:4      | 2506 ||| Stepping ~*~*~tactically~*~*~ (outnumbered).
  2513 | D:4      | Reached XP level 5. HP: 45/46 MP: 4/4
  2678 | D:4      | Reached skill level 7 in Ranged Weapons
  2704 | D:4      | Reached XP level 6. HP: 52/52 MP: 5/5
  2781 | D:4      | 2781 ||| Stepping ~*~*~tactically~*~*~ (outnumbered).
  2783 | D:4      | 2783 ||| Stepping ~*~*~tactically~*~*~ (outnumbered).
  2793 | D:4      | 2793 ||| Stepping ~*~*~tactically~*~*~ (outnumbered).
  2795 | D:4      | 2795 ||| Stepping ~*~*~tactically~*~*~ (outnumbered).
  2797 | D:4      | 2797 ||| Stepping ~*~*~tactically~*~*~ (outnumbered).
  2940 | D:4      | Found a glowing drain.
  2941 | D:4      | 2941 ||| Stepping ~*~*~tactically~*~*~ (water).
  2944 | D:4      | 2944 ||| UPGRADING to amulet of reflection.
  2949 | D:4      | 2949 ||| DRINKING 2 clear potions.
  2949 | D:4      | Gained mutation: Your mind is acute. (Int +4, Str/Dex -1)
                  | [potion of mutation]
  2949 | D:4      | Gained mutation: You occasionally lose the ability to drink
                  | potions when taking damage. [potion of mutation]
  2949 | D:4      | Gained mutation: You have sharp toenails. [potion of
                  | mutation]
  2950 | D:4      | 2950 ||| DRINKING potion of mutation.
  2950 | D:4      | Lost mutation: You have sharp toenails. [potion of
                  | mutation]
  2950 | D:4      | Lost mutation: You occasionally lose the ability to drink
                  | potions when taking damage. [potion of mutation]
  2950 | D:4      | Lost mutation: Your mind is acute. (Int +4, Str/Dex -1)
                  | [potion of mutation]
  2950 | D:4      | Gained mutation: You have a pair of large horns on your
                  | head. [potion of mutation]
  2950 | D:4      | Gained mutation: You are vulnerable to cold. (rC-) [potion
                  | of mutation]
  2950 | D:4      | Gained mutation: You are clumsy. (Dex -2) [potion of
                  | mutation]
  2956 | Sewer    | Entered a sewer
  2996 | Sewer    | 2996 ||| Stepping ~*~*~tactically~*~*~ (water).
  3082 | Sewer    | 3082 ||| Stepping ~*~*~tactically~*~*~ (water).
  3085 | Sewer    | 3085 ||| Stepping ~*~*~tactically~*~*~ (water).
  3166 | Sewer    | Reached skill level 8 in Ranged Weapons
  3387 | Sewer    | 3387 ||| Stepping ~*~*~tactically~*~*~ (water).
  3389 | Sewer    | 3389 ||| Stepping ~*~*~tactically~*~*~ (water).
  3442 | Sewer    | Reached XP level 7. HP: 56/61 MP: 6/6
  3630 | Sewer    | 3630 ||| Stepping ~*~*~tactically~*~*~ (water).
  3636 | Sewer    | 3636 ||| Stepping ~*~*~tactically~*~*~ (water).
  3640 | Sewer    | 3640 ||| Stepping ~*~*~tactically~*~*~ (water).
  3642 | Sewer    | 3642 ||| Stepping ~*~*~tactically~*~*~ (water).
  3688 | Sewer    | 3688 ||| READING scroll labelled BIESEG HIGYUS.
  3689 | Sewer    | 3689 ||| READING 2 scrolls labelled GIAKHY IBURU.
  3690 | Sewer    | 3690 ||| DROPPING scroll of fog.
  3712 | D:4      | 3712 ||| PLANNING D:1-11
  3851 | D:4      | Noticed Ijyb
  3867 | D:4      | HP: 13/61 [Ijyb/+0 dagger (3)]
  3868 | D:4      | 3868 ||| READING 2 scrolls of teleportation.
  3868 | D:4      | HP: 1/61 [constriction (8)]
  3869 | D:4      | Slain by Ijyb

Levels and vault maps discovered:
D:1:      lemuel_arrival_tunnels, layout_basic,
          dreamdust_ecumenical_altar_hidden_monk_grotto
D:2:      layout_basic, nicolae_figureground_sparkle
D:3:      layout_rooms, zin_purify, overflow_temple_1_default,
          chequers_serial_rivers_micro_b
D:4:      layout_cave_pods, portal_sewer_entry_e, uniq_menkaure, uniq_ijyb

Skill      XL: |  1  2  3  4  5  6 |
---------------+-------------------+-----
Ranged Weapons | 5 6 7 8 |  8.3
Fighting       | 3 4 5 |  5.4
Armour         | 1 |  1.0
Dodging        | |  2.1
Stealth        | |  0.7

Action                     |  1- 3 |  4- 6 |  7- 9 || total
---------------------------+-------+-------+-------++-------
   Fire: Shortbow          |    80 |    52 |       ||   132
         Orcbow            |       |   144 |    53 ||   197
    Use: Scroll            |     3 |     2 |     3 ||     8
         Potion            |     1 |     4 |       ||     5
 Armour: Leather armour    |     8 |     2 |       ||    10
         Robe              |       |    18 |     5 ||    23
  Dodge: Dodged            |    20 |    22 |     1 ||    43
  Block: Other             |       |     7 |     5 ||    12
         Reflection        |       |     2 |     1 ||     3

Table legend:
 A = Non-vault XP
 B = Vault XP
 C = Vault XP percentage of total XP
 D = Non-vault monster count
 E = Vault monster count
 F = Vault count percentage of total count
                 A         B        C        D         E       F
            +---------+---------+-------+---------+---------+-------
      Total |     461 |     370 |  44.5 |      65 |      36 |  35.6
            +---------+---------+-------+---------+---------+-------
        D:1 |      38 |       0 |   0.0 |      21 |       0 |   0.0
        D:2 |     103 |       0 |   0.0 |      19 |       0 |   0.0
        D:3 |      27 |       0 |   0.0 |       8 |       0 |   0.0
        D:4 |     293 |      28 |   8.7 |      17 |       8 |  32.0
      Sewer |       0 |     342 | 100.0 |       0 |      28 | 100.0
            +---------+---------+-------+---------+---------+-------
